Map: Ascension to Aiur LE

Players

Poizon

  • Race: Protoss Protoss
  • Spawn Location: 5:00

PtitDrogo - Winner!

  • Race: Protoss Protoss
  • Spawn Location: 11:00

Event: WCS Montreal 2017

VOD

Have the link to the VOD?

Description

Time

  • Played on: Sept. 8, 2017, 11:26 a.m.
  • Length: 4:30

All games in this series

Show
View Real Time Build Order
Export as new Build Order

Poizon Protoss 

Build Orders:  

Get SALT Encoding   

  12  0:01  Probe (Chrono Boost)  
  13  0:12  Probe (Chrono Boost)  
  14  0:18  Pylon  
  14  0:22  Probe (Chrono Boost)  
  15  0:36  Probe (Chrono Boost)  
  15  0:38  Gateway  
  16  0:44  Assimilator  
  16  0:48  Probe (Chrono Boost)  
  17  1:00  Probe (Chrono Boost)  
  18  1:09  Gateway  
  18  1:11  Probe (Chrono Boost)  
  19  1:21  Probe (Chrono Boost)  
  20  1:27  Cybernetics Core  
  20  1:32  Probe (Chrono Boost)  
  21  1:39  Assimilator  
  21  1:42  Probe (Chrono Boost), Pylon  
  22  1:53  Probe (Chrono Boost)  
  23  2:03  Adept x2  
  23  2:07  Warp Gate (Chrono Boost)  
  23  2:08  Probe (Chrono Boost)  
  28  2:28  Pylon  
  28  2:32  Mothership Core (Chrono Boost)  
  30  2:40  Stalker  
  31  2:55  Stalker  
  32  3:05  Probe (Chrono Boost)  
  32  3:15  Nexus  
  32  3:16  Stalker  
  32  3:17  Pylon  
  34  3:25  Probe (Chrono Boost)  
  35  3:56  Pylon  
  35  3:58  Pylon  
  33  4:11  Stalker  
  33  4:12  Stalker  
Show
View Real Time Build Order
Export as new Build Order

PtitDrogo Protoss - Winner!

Build Orders:  

Get SALT Encoding   

  12  0:01  Probe (Chrono Boost)  
  13  0:11  Probe (Chrono Boost)  
  14  0:17  Pylon  
  14  0:22  Probe (Chrono Boost)  
  15  0:35  Probe (Chrono Boost)  
  16  0:36  Gateway  
  16  0:41  Assimilator  
  16  0:45  Probe (Chrono Boost)  
  17  0:56  Probe (Chrono Boost)  
  18  0:59  Assimilator  
  18  1:07  Probe (Chrono Boost)  
  19  1:12  Gateway  
  19  1:17  Probe (Chrono Boost)  
  20  1:24  Cybernetics Core  
  20  1:28  Probe (Chrono Boost)  
  20  1:32  Pylon  
  21  1:38  Probe (Chrono Boost)  
  22  1:54  Probe (Chrono Boost)  
  23  2:00  Stalker x2, Warp Gate (Chrono Boost)  
  27  2:07  Mothership Core  
  29  2:14  Pylon  
  30  2:31  Stalker  
  30  2:32  Stalker  
  33  2:37  Probe  
  34  3:04  Nexus  
  34  3:11  Stalker (Chrono Boost)  
  36  3:14  Stalker (Chrono Boost)  
  38  3:25  Pylon  
  38  3:27  Probe  
  39  3:35  Pylon  
  39  3:43  Probe  
  40  3:53  Stalker x2  
  44  4:09  Probe, Robotics Facility  
  45  4:20  Stalker  
  46  4:25  Stalker  
Tags
 
Add a new tag
Caveats
  • Supply blocks, unpowered buildings, or Contaminate may cause inaccurate times.
  • Supply counts are checked every 10 seconds.